 Dungeon Crawl Stone Soup version 0.32-a0-675-gdc239d62e1 (webtiles) character file.

Game seed: 10995677044094172829

3103 lunkers the Carver (level 9, 0/69 HPs)
             Began as a Coglin Berserker on Mar 11, 2024.
             Was a Priest of Trog.
             Slain by a vampire mosquito (2 damage)
             ... on level 7 of the Dungeon.
             The game lasted 00:06:48 (5685 turns).

lunkers the Carver (Coglin Berserker)               Turns: 5685, Time: 00:06:48

Health: 0/69       AC: 16    Str: 22    XL:     9   Next: 90%
Magic:  9/9        EV:  7    Int:  6    God:    Trog [***...]
Gold:   416        SH:  0    Dex: 14    Spells: 8/8 levels left

rFire   . . .        a - +1 falchion {Paramjit}
rCold   . . .        j - +2 dagger (flame) {Yeongsuk}
rNeg    . . .        h - +1 plate armour
rPois   .            (no helmet)
rElec   .            (no cloak)
rCorr   .            (no gloves)
SInv    .            g - +2 pair of boots
Will    .....        (amulet unavailable) Stlth
                     (ring unavailable)
HPRegen 0.31/turn    (ring unavailable)
MPRegen 0.11/turn    (no gizmo)

%: no passive effects
@: on berserk cooldown, slowed, very slow
A: off-hand wielding, slow wielding, warmup strikes, no jewellery
a: Invent Gizmo, Renounce Religion, Berserk, Trog's Hand


You were on level 7 of the Dungeon.
You worshipped Trog.
Trog was most pleased with you.
You visited 1 branch of the dungeon, and saw 7 of its levels.

You collected 416 gold pieces.

Inventory:

Hand Weapons
 a - a +1 falchion (weapon) {Paramjit}
 c - a +0 dagger {Armando}
 j - a +2 dagger of flaming (offhand) {Yeongsuk}
Armour
 b - a +0 animal skin
 g - a +2 pair of boots (worn)
 h - a +1 plate armour (worn)
 p - a +0 helmet
Wands
 t - a wand of flame (14)
 v - a wand of roots (7)
Scrolls
 e - 2 scrolls of revelation
 k - a scroll of poison
 m - a scroll of vulnerability
 n - a scroll of enchant armour
 s - 5 scrolls of teleportation
Potions
 d - 2 potions of mutation
 f - a potion of invisibility
 i - a potion of curing
 l - a potion of degeneration {unknown}
 o - 3 potions of cancellation
 q - a potion of haste {unknown}
 r - 2 potions of attraction
 w - 2 potions of might


   Skills:
 + Level 5.8 Fighting
 * Level 10.8 Long Blades
 + Level 4.9 Armour
 - Level 1.7 Dodging
 + Level 6.3 Evocations


You had 8 spell levels left.
You didn't know any spells.
Your spell library was empty.

Dungeon Overview and Level Annotations

Branches:
Dungeon (7/15)             Temple (0/1) D:6

Altars:
Dithmenos
Kikubaaqudgha
Sif Muna
Trog
Xom
Zin
The Shining One


Innate Abilities, Weirdness & Mutations

You can wield a second weapon in your off-hand.
It takes a long time for you to wield or remove held weapons.
Your first few attacks do less damage.
You cannot equip rings or amulets.


Message History

* * * LOW HITPOINT WARNING * * *
The vampire mosquito draws strength from your injuries!
The vampire mosquito bites you!
* * * LOW HITPOINT WARNING * * *
The vampire mosquito draws strength from your injuries!
The vampire mosquito bites you.
* * * LOW HITPOINT WARNING * * *
The vampire mosquito draws strength from your injuries!
The vampire mosquito bites you.
* * * LOW HITPOINT WARNING * * *
The vampire mosquito draws strength from your injuries!
The vampire mosquito closely misses you.
Aiming: Fastroot
Press: ? - help, Shift-Dir - straight line, f - vampire mosquito
Aim: a vampire mosquito The roots erupt in riotous growth!
Roots grab the vampire mosquito. x3
The grasping roots constrict the vampire mosquito! x2
The grasping roots constrict the vampire mosquito!!
You hear a shout! x2
The vampire mosquito bites you.
* * * LOW HITPOINT WARNING * * *
The vampire mosquito draws strength from your injuries!
The vampire mosquito bites you but does no damage. x2
The vampire mosquito barely misses you. The vampire mosquito bites you!
* * * LOW HITPOINT WARNING * * *
The vampire mosquito draws strength from your injuries!
The vampire mosquito closely misses you.
The vampire mosquito bites you.
* * * LOW HITPOINT WARNING * * *
The vampire mosquito draws strength from your injuries!
The vampire mosquito bites you but does no damage.
The grasping roots constrict the vampire mosquito! x2
The grasping roots constrict the vampire mosquito!!
You destroy the vampire mosquito!
Trog accepts your kill.
The vampire mosquito escapes!
The vampire mosquito attacks as it pursues you!
The vampire mosquito bites you.
You die...

#?.# #.# #..# #.#
#..# ..# #......
#..# #.# #......
.. #.g#####.####
##.y.yy#
....#............
...y..#
.......†y....####
##.....#
....#...y.......#
$..y..+
.......###@#.###.#
#....#
######.###.....#†#
#.<..#
##.......#.#.#
######
#....^.....#†#
#.....#...>..#
#.....#.######
+...###>#
#...###.##
#........#


You could see 2 vampire mosquitoes and a gnoll.

Vanquished Creatures
  A two-headed ogre (D:7)
  The ghost of KSaturn the Covert, a novice GnDe of Uskayaw (D:6)
  A vampire mosquito (D:7)
  2 water moccasins (D:7)
  A black bear (D:4)
  2 ice beasts (D:6)
  A sky beast (D:7)
  An ogre (D:6)
  6 scorpions
  3 bullfrogs (D:6)
  5 killer bees (D:7)
  2 howler monkeys
  A jelly (D:3)
  2 hounds
  2 bombardier beetles (D:6)
  A sleepcap (D:5)
  2 iguanas
  4 orc wizards (D:6)
  A gnoll (D:1)
  7 adders
  2 ufetubi (D:7)
  2 dart slugs
  A ribbon worm (D:3)
  18 orcs
  5 ball pythons
  5 endoplasms
  5 giant cockroaches
  2 goblins (D:4)
  3 hobgoblins
  2 jackals (D:1)
  5 kobolds
  3 quokkas
  11 bats
  3 frilled lizards
  4 rats
117 creatures vanquished.

Vanquished Creatures (others)
  An orc wizard (D:6)
1 creature vanquished.

Grand Total: 118 creatures vanquished

Notes
Turn   | Place    | Note
-------+----------+-------------------------------------------
     0 | D:1      | lunkers the Coglin Berserker began the quest for the Orb.
     0 | D:1      | Reached XP level 1. HP: 18/18 MP: 1/1
   136 | D:1      | Reached XP level 2. HP: 24/24 MP: 2/2
   305 | D:1      | Reached skill level 4 in Long Blades
   416 | D:1      | Reached XP level 3. HP: 22/29 MP: 3/3
   913 | D:2      | Reached ** piety under Trog
  1570 | D:3      | Reached XP level 4. HP: 34/35 MP: 4/4
  1603 | D:3      | Noticed a scorpion
  1622 | D:3      | Killed a scorpion
  1623 | D:3      | Reached skill level 5 in Long Blades
  1623 | D:3      | Reached XP level 5. HP: 13/41 MP: 5/5
  1984 | D:3      | Reached skill level 6 in Long Blades
  2389 | D:4      | You fall into a shaft and drop 1 floor!
  2389 | D:5      | Entered Level 5 of the Dungeon
  2405 | D:5      | Reached XP level 6. HP: 45/47 MP: 6/6
  2804 | D:4      | Found a glowing golden altar of the Shining One.
  3088 | D:4      | Found an ancient bone altar of Kikubaaqudgha.
  3091 | D:4      | Found a shadowy altar of Dithmenos.
  3094 | D:4      | Found a shimmering blue altar of Sif Muna.
  3097 | D:4      | Found a glowing silver altar of Zin.
  3260 | D:4      | Noticed a black bear
  3272 | D:4      | Killed a black bear
  3273 | D:4      | Reached skill level 7 in Long Blades
  3666 | D:5      | Reached XP level 7. HP: 52/52 MP: 7/7
  3759 | D:5      | Reached *** piety under Trog
  3787 | D:5      | Identified the +2 pair of gloves "Ciruwitale" {SInv}
  3816 | D:5      | Reached skill level 8 in Long Blades
  4168 | D:6      | Reached skill level 1 in Evocations
  4612 | D:6      | Reached XP level 8. HP: 43/59 MP: 8/8
  4855 | D:6      | Reached skill level 9 in Long Blades
  5083 | D:6      | Found a staircase to the Ecumenical Temple.
  5148 | D:6      | Found a shimmering altar of Xom.
  5223 | D:6      | Found a large runed translucent door.
  5223 | D:6      | Found a large runed translucent door.
  5225 | D:6      | Noticed KSaturn's ghost (novice GnDe)
  5242 | D:6      | Killed KSaturn's ghost
  5243 | D:6      | Reached XP level 9. HP: 67/67 MP: 9/9
  5310 | D:6      | Reached skill level 5 in Fighting
  5310 | D:6      | Reached skill level 5 in Evocations
  5343 | D:7      | Reached skill level 10 in Long Blades
  5467 | D:7      | Found a bloodstained altar of Trog.
  5467 | D:7      | Noticed a two-headed ogre
  5478 | D:7      | Killed a two-headed ogre
  5684 | D:7      | HP: 2/69 [vampire mosquito (8)]
  5685 | D:7      | Slain by a vampire mosquito

Illustrated notes

Levels and vault maps discovered:
D:1:      tarquinn_simple_flora_water_d, layout_basic, hex_large,
          chequers_big_river
D:2:      layout_loops_ring
D:3:      layout_basic
D:4:      layout_loops_corners, nicolae_overflow_crystal_walls,
          grunt_temple_overflow_cloverleaf, minmay_fractal_squares_gapless_5
D:5:      layout_cave_pods
D:6:      layout_basic, lemuel_round_altar,
          minmay_temple_entry_drinking_statues, ebering_ghost_disaster_area,
          minmay_a_box_with_orc_wizards_in_it
D:7:      layout_basic, demons_altar, lightli_bailey_entry_fortress,
          hangedman_feature_mirror, minivault_19, kennysheep_generic_room_9

Skill      XL: |  1  2  3  4  5  6  7  8  9 |
---------------+----------------------------+-----
Long Blades    | 4 5 6 7 8 9 10 | 10.8
Armour         | 2 4 |  4.9
Evocations     | 2 4 6 |  6.3
Fighting       | 4 5 |  5.8
Dodging        | |  1.7

Action                     |  1- 3 |  4- 6 |  7- 9 || total
---------------------------+-------+-------+-------++-------
  Melee: Falchion          |    80 |   136 |   199 ||   415
         Dagger            |    76 |   124 |   197 ||   397
 Invoke: Berserk           |       |     2 |     7 ||     9
         Trog's Hand       |       |     1 |     1 ||     2
  Evoke: Wand              |       |       |     1 ||     1
    Use: Scroll            |       |       |    15 ||    15
 Armour: Animal skin       |    56 |       |       ||    56
         Plate armour      |    13 |   113 |   218 ||   344
  Dodge: Dodged            |    55 |    38 |    58 ||   151

Table legend: (Time is in decaauts)
 A = Elapsed time spent in this place.
 B = Non-inter-level travel time spent in this place.
 C = Inter-level travel time spent in this place.
 D = Time resting spent in this place.
 E = Time spent auto-exploring this place.
 F = Levels seen in this place.
 G = Mean time per level.
                   A        B        C        D        E       F      G
               +--------+--------+--------+--------+--------+-----+--------+
         Total |   5727 |   5506 |    221 |     46 |   4535 |   7 |  818.1 |
       Dungeon |   5727 |   5506 |    221 |     46 |   4535 |   7 |  818.1 |
               +--------+--------+--------+--------+--------+-----+--------+

Top non-repeatable levels by time:
     D:6: 1209 daAuts
     D:5: 988 daAuts
     D:4: 887 daAuts
     D:1: 847 daAuts
     D:3: 822 daAuts
     D:2: 618 daAuts
     D:7: 352 daAuts
